Map: Traitor's Exile

Players

JonGoodman

  • Race: Protoss Protoss
  • League: Diamond
  • Spawn Location: 9:00

Sliph

  • Race: Protoss Protoss
  • Spawn Location: 12:00

OpuS - Winner!

  • Race: Protoss Protoss
  • League: Platinum
  • Spawn Location: 5:00

Sketchaphone - Winner!

  • Race: Zerg Zerg
  • League: Platinum
  • Spawn Location: 6:00

VOD

Have the link to the VOD?

Description

Time

  • Played on: Feb. 17, 2019, 8:01 p.m.
  • Length: 13:48
Show
View Real Time Build Order
Export as new Build Order

JonGoodman Protoss 

Build Orders: Colossus Rush 

Get SALT Encoding   

  12  0:01  Probe  
  13  0:13  Probe  
  14  0:25  Pylon  
  14  0:30  Probe  
  15  0:44  Probe, Gateway  
  15  0:47  Assimilator  
  16  0:57  Probe  
  17  1:00  Pylon  
  17  1:09  Probe  
  17  1:10  Assimilator  
  18  1:21  Probe  
  19  1:33  Probe, Cybernetics Core  
  20  1:40  Zealot  
  20  1:45  Probe  
  23  1:57  Probe  
  24  2:09  Probe  
  25  2:19  Robotics Facility  
  25  2:21  Robotics Facility  
  25  2:38  Pylon  
  25  2:40  Probe  
  26  2:52  Probe  
  27  2:59  Immortal  
  27  3:01  Immortal  
  27  3:04  Probe  
  34  3:49  Immortal  
  34  3:51  Probe  
  39  3:58  Pylon  
  39  4:02  Nexus  
  39  4:24  Immortal  
  43  4:43  Robotics Bay  
  43  4:45  Pylon  
  43  4:47  Immortal  
  47  5:06  Probe  
  48  5:17  Probe  
  48  5:18  Probe  
  48  5:19  Colossus  
  50  5:23  Colossus  
  50  5:29  Probe  
  55  5:56  Probe  
  55  5:57  Probe  
  57  6:04  Immortal  
  57  6:09  Probe, Immortal  
  57  6:11  Probe  
  67  6:21  Probe  
  67  6:24  Forge  
  68  6:26  Probe  
  68  6:27  Forge  
  69  7:09  Colossus  
  63  7:21  Protoss Ground Weapons Level 1  
  69  7:29  Pylon  
  65  7:31  Pylon  
  65  7:33  Pylon  
  65  7:35  Assimilator  
  65  7:37  Probe x2  
  65  7:38  Assimilator  
  65  7:39  Protoss Ground Armor Level 1  
  67  7:44  Colossus  
  67  7:49  Probe x2  
  67  7:51  Nexus  
  75  8:01  Probe x2  
  75  8:02  Extended Thermal Lance  
  77  8:13  Probe  
  77  8:14  Probe  
  79  8:22  Colossus  
  79  8:29  Probe x2  
  79  8:31  Immortal  
  87  8:35  Zealot  
  87  8:41  Probe  
  97  9:02  Probe  
  97  9:05  Probe  
  97  9:06  Probe  
  99  9:10  Stalker  
  99  9:12  Colossus  
  99  9:15  Probe  
  106  9:18  Probe x2  
  108  9:27  Probe  
  109  9:36  Protoss Shields Level 1  
  109  9:48  Stalker  
  109  9:52  Colossus  
  109  10:04  Gateway  
  109  10:07  Gateway  
  109  10:08  Warp Gate  
  109  10:10  Gateway  
  109  10:23  Pylon  
  109  10:25  Pylon  
  109  10:26  Pylon  
  109  10:41  Stalker, Probe x2  
  113  10:53  Stalker  
  113  10:54  Stalker  
  115  11:08  Stalker  
  115  11:11  Stalker  
  105  11:23  Stalker  
  97  11:39  Stalker x2  
  101  11:41  Stalker  
  101  11:42  Immortal x2  
  101  11:45  Probe x2  
  107  11:48  Assimilator  
  107  11:51  Assimilator  
  107  11:53  Stalker  
  85  12:09  Stalker  
  87  12:21  Stalker  
  88  12:27  Stalker  
  87  12:41  Stalker  
Show
View Real Time Build Order
Export as new Build Order

Sliph Protoss 

Build Orders:  

Get SALT Encoding   

  12  0:03  Probe  
  13  0:16  Pylon  
  13  0:18  Probe  
  14  0:30  Probe  
  15  0:38  Gateway  
  15  0:39  Probe  
  16  0:47  Probe  
  16  0:56  Probe  
  17  1:00  Assimilator  
  18  1:08  Probe  
  19  1:20  Probe  
  19  1:21  Assimilator  
  20  1:31  Zealot, Cybernetics Core  
  22  1:33  Probe  
  23  1:49  Pylon  
  23  1:54  Pylon  
  23  2:07  Probe  
  24  2:12  Robotics Facility  
  24  2:19  Probe  
  25  2:31  Probe  
  25  2:36  Warp Gate  
  26  2:40  Gateway  
  26  2:42  Pylon  
  26  2:43  Probe  
  27  2:55  Probe  
  28  2:58  Observer  
  28  3:00  Forge  
  28  3:03  Twilight Council  
  35  3:39  Charge  
  35  3:45  Zealot  
  37  3:50  Immortal  
  37  3:53  Pylon  
  36  4:03  Protoss Ground Weapons Level 1  
  36  4:07  Stalker  
  36  4:24  Stalker  
  36  4:27  Pylon  
  36  4:30  Immortal  
  41  4:59  Stalker x2  
  43  5:08  Gateway  
  43  5:10  Gateway  
  43  5:14  Gateway  
  43  5:18  Pylon  
  43  5:23  Warp Prism  
  39  6:06  Stalker x3  
  39  6:07  Stalker  
  47  6:34  Zealot x3  
  47  6:35  Zealot  
  55  6:44  Zealot  
  61  6:47  Immortal  
  61  6:49  Protoss Ground Armor Level 1  
  45  7:11  Stalker  
  45  7:12  Stalker x2  
  47  7:19  Zealot  
  49  7:47  Zealot x4  
  49  7:50  Zealot  
  59  8:20  Zealot x2  
  59  8:25  Pylon  
  59  8:26  Pylon  
  59  9:00  Stalker x4  
  23  9:57  Nexus  
  19  10:15  Stargate  
  19  10:17  Nexus  
  19  10:30  Stalker  
  19  10:31  Stalker x3  
  15  11:12  Probe  
  16  11:20  Probe  
  15  11:29  Probe  
  16  11:41  Probe  
  17  12:12  Probe  
  12  12:20  Probe  
  10  12:29  Probe  
  12  12:39  Probe  
  12  12:40  Probe  
  14  12:51  Probe  
  14  12:52  Probe  
  16  13:04  Probe x2  
  18  13:18  Probe  
  19  13:20  Probe  
  19  13:22  Probe  
  21  13:34  Probe  
Show
View Real Time Build Order
Export as new Build Order

OpuS Protoss - Winner!

Build Orders:  

Get SALT Encoding   

  12  0:01  Probe  
  13  0:13  Probe  
  14  0:26  Pylon  
  15  0:28  Probe  
  15  0:41  Probe  
  15  0:49  Probe, Gateway  
  17  0:58  Probe, Assimilator  
  18  1:04  Assimilator  
  18  1:06  Probe  
  19  1:14  Probe  
  20  1:22  Gateway  
  20  1:25  Probe  
  21  1:38  Cybernetics Core  
  21  1:42  Pylon  
  21  1:44  Probe  
  22  1:56  Probe  
  23  2:08  Probe  
  24  2:16  Probe, Warp Gate  
  24  2:18  Stalker x2  
  28  2:24  Probe  
  28  2:26  Pylon  
  29  2:58  Nexus  
  29  3:02  Pylon  
  29  3:08  Robotics Facility  
  29  3:19  Stalker  
  31  3:26  Stalker  
  31  3:56  Twilight Council  
  31  3:58  Gateway  
  31  4:01  Gateway  
  31  4:07  Probe  
  32  4:13  Zealot  
  32  4:14  Zealot  
  36  4:23  Gateway  
  36  4:25  Charge  
  36  4:27  Gateway  
  36  4:37  Probe x2  
  38  4:41  Zealot  
  40  4:50  Probe x2  
  42  5:00  Stargate  
  42  5:02  Probe  
  42  5:04  Probe  
  44  5:09  Zealot  
  44  5:14  Zealot  
  48  5:19  Zealot  
  48  5:21  Probe  
  51  5:23  Probe  
  52  5:33  Probe  
  52  5:35  Probe  
  54  5:36  Pylon  
  54  5:45  Probe  
  54  5:47  Probe  
  50  5:57  Probe, Void Ray  
  50  5:59  Probe  
  50  6:01  Zealot x2  
  54  6:09  Probe  
  54  6:10  Stargate  
  55  6:11  Probe  
  55  6:16  Zealot x2  
  60  6:18  Zealot  
  60  6:22  Pylon  
  62  6:31  Void Ray  
  62  6:34  Zealot x2  
  62  6:35  Zealot  
  72  6:48  Probe x2  
  74  7:04  Void Ray  
  74  7:11  Void Ray  
  60  7:18  Zealot x4  
  60  7:19  Zealot x2  
  60  7:20  Probe x2  
  70  7:22  Assimilator  
  70  7:26  Assimilator  
  70  7:38  Void Ray  
  70  7:39  Pylon  
  70  7:42  Pylon  
  70  7:47  Void Ray  
  78  8:03  Zealot x3  
  78  8:04  Zealot  
  86  8:17  Zealot x2  
  86  8:19  Oracle  
  90  8:25  Oracle  
  91  8:30  Gateway  
  91  8:33  Gateway  
  89  8:35  Zealot x2  
  89  8:36  Zealot  
  89  8:39  Gateway  
  89  8:40  Probe  
  89  8:41  Probe  
  93  8:52  Dark Shrine  
  93  8:53  Probe  
  94  8:59  Pylon  
  94  9:01  Pylon  
  94  9:03  Pylon  
  94  9:14  Probe x2  
  92  9:17  Oracle x2  
  92  9:23  Zealot x4  
  106  9:27  Probe x2  
  104  9:39  Probe x2  
  76  9:54  Templar Archives, Void Ray  
  76  9:59  Void Ray  
  84  10:25  Nexus  
  84  10:29  Probe  
  84  10:30  Probe  
  86  10:36  Void Ray  
  90  10:44  Dark Templar x2  
  90  10:45  Dark Templar  
  92  10:59  Void Ray  
  92  11:00  Probe x2  
  97  11:05  Dark Templar  
  99  11:17  Dark Templar x3  
  99  11:18  Dark Templar  
  89  11:40  Void Ray  
  89  11:42  Void Ray  
  87  11:54  Dark Templar  
  80  12:12  Probe x2  
  82  12:33  Nexus  
  74  13:12  Probe x2  
  80  13:14  Zealot x2, Assimilator  
  80  13:15  Zealot x4  
  92  13:24  Probe  
  93  13:42  Zealot x3  
  93  13:43  Zealot  
Show
View Real Time Build Order
Export as new Build Order

Sketchaphone Zerg - Winner!

Build Orders: Hatch First 

Get SALT Encoding   

  12  0:02  Drone  
  13  0:13  Overlord  
  13  0:19  Drone  
  14  0:22  Extractor  
  14  0:24  Drone  
  15  0:32  Drone  
  16  0:41  Drone  
  17  0:59  Drone  
  17  1:00  Hatchery  
  17  1:02  Drone  
  18  1:07  Extractor  
  17  1:23  Spawning Pool  
  17  1:25  Drone  
  17  1:27  Drone  
  18  1:39  Drone  
  19  1:40  Overlord  
  19  1:51  Drone  
  20  2:01  Drone  
  21  2:09  Metabolic Boost  
  21  2:10  Queen  
  21  2:13  Queen  
  25  2:17  Drone  
  25  2:19  Drone  
  27  2:30  Roach Warren  
  27  2:33  Zergling x2  
  27  2:36  Drone  
  28  2:38  Drone  
  28  2:41  Drone  
  30  2:47  Overlord  
  30  2:54  Overlord  
  30  3:12  Roach x3  
  38  3:13  Roach  
  38  3:17  Roach x2  
  42  3:29  Roach  
  42  3:30  Roach  
  42  3:31  Overlord  
  46  3:35  Roach  
  46  3:37  Drone  
  48  3:42  Roach  
  48  3:43  Drone  
  48  3:47  Overlord  
  51  3:57  Overlord  
  49  4:16  Zergling x8, Hatchery  
  48  4:30  Zergling x10  
  51  4:31  Drone  
  52  4:42  Drone x2  
  54  4:46  Overlord  
  54  4:49  Overlord  
  54  4:55  Overlord  
  54  4:58  Drone x2  
  56  5:03  Evolution Chamber  
  56  5:04  Drone x2  
  57  5:07  Pneumatized Carapace  
  57  5:23  Drone x8  
  57  5:27  Extractor  
  64  5:30  Zerg Melee Weapons Level 1, Extractor  
  64  5:35  Drone x2  
  64  5:36  Drone  
  57  5:53  Zergling x16  
  57  5:54  Zergling x4  
  67  6:01  Lair  
  55  6:20  Zergling x14  
  55  6:22  Queen  
  55  6:23  Zergling x2  
  55  6:24  Zergling x2  
  66  6:32  Zergling x6  
  68  6:33  Extractor  
  68  6:36  Zergling x4  
  66  6:46  Zergling x4  
  53  7:04  Drone  
  41  7:10  Zergling x6  
  41  7:18  Zergling x4  
  37  7:26  Zergling x2  
  31  7:33  Zergling x2, Hatchery  
  27  7:44  Zergling x2  
Tags
 
Add a new tag
Caveats
  • Supply blocks, unpowered buildings, or Contaminate may cause inaccurate times.
  • Supply counts are checked every 10 seconds.